SAA
TACOMA FUR TRADERS @ DURHAM RAPIERS
09/12/2020
 
TOP OF THE 1ST
Tacoma Fur Traders batting - Pitching for Durham Rapiers : RHP Jeff Cox
Pitching: RHP Jeff Cox
Batting: LHB Ramón García 0-0: Called Strike
0-1: Called Strike
0-2: SINGLE (Line Drive, 56)
Batting: RHB Ronald Hines 0-0: Called Strike
0-1: Ball
1-1: Ball
2-1: Swinging Strike
2-2: Strikes out swinging
Batting: RHB Jim Unknown 0-0: Ball
1-0: Foul Ball, location: 2F
1-1: Ball
2-1: Foul Ball, location: 2F
2-2: Foul Ball, location: 2F
2-2: Foul Ball, location: 2F
2-2: Ground out U3 (Groundball, 3S)
Ramón García to second
Batting: RHB Mike Daniels 0-0: Called Strike
0-1: Ball
1-1: DOUBLE (Line Drive, 9LS)
Ramón García scores
Batting: LHB Carlton Little 0-0: Ball
1-0: Ground out 3-1 (Groundball, 34S)
Top of the 1st over - 1 run(s), 2 hit(s), 0 error(s), 1 left on base; Tacoma 1 - Durham 0
BOTTOM OF THE 1ST
Durham Rapiers batting - Pitching for Tacoma Fur Traders : RHP Howard Ritchie
Pitching: RHP Howard Ritchie
Batting: LHB Evan Nelson 0-0: Ball
1-0: Ball
2-0: Foul Ball, location: 2F
2-1: Foul Ball, location: 2F
2-2: Strikes out looking
Batting: RHB Allen George 0-0: Called Strike
0-1: SINGLE (Flyball, 8LS)
Batting: SHB Omar Gutiérrez 0-0: Ball
1-0: Called Strike
1-1: Foul Ball, location: 2F
1-2: Foul Ball, location: 2F
1-2: Ball
2-2: Ball
3-2: Base on Balls
Allen George to second
Batting: RHB Ignacio Rodríguez 0-0: Ball
1-0: Swinging Strike
1-1: Ball
2-1: Foul Ball, location: 2F
2-2: Foul Ball, location: 2F
2-2: Ball
3-2: Base on Balls
Allen George to third
Omar Gutiérrez to second
Batting: SHB Dan Godwin 0-0: Called Strike
0-1: Foul Ball, location: 2F
0-2: Fly out, F1 (Line Drive, 13)
Batting: RHB Caleb Lee 0-0: Ball
1-0: Ball
2-0: Called Strike
2-1: Swinging Strike
2-2: Foul Ball, location: 2F
2-2: Ball
3-2: Base on Balls
Allen George scores
Omar Gutiérrez to third
Ignacio Rodríguez to second
Batting: RHB Kevin Sanderson 0-0: Called Strike
0-1: Foul Ball, location: 2F
0-2: Fielders Choice at 2nd, U4 (Groundball, 4M)
Bottom of the 1st over - 1 run(s), 1 hit(s), 0 error(s), 3 left on base; Tacoma 1 - Durham 1
TOP OF THE 2ND
Tacoma Fur Traders batting - Pitching for Durham Rapiers : RHP Jeff Cox
Batting: RHB Gonzalo Manuel 0-0: Hit by Pitch
Batting: LHB Jim Unknown 0-0: Ball
1-0: Called Strike
1-1: Foul Ball, location: 2F
1-2: Strikes out swinging
Gonzalo Manuel steals 2nd base
Batter strikes out.
Batting: RHB Miguel Silva 0-0: Ball
1-0: Ball
2-0: Ball
3-0: Base on Balls
Batting: RHB Lúcio López 0-0: Ball
1-0: Ball
2-0: Called Strike
2-1: Foul Ball, location: 2F
2-2: Foul Ball, location: 2F
2-2: SINGLE (Line Drive, 7S)
Gonzalo Manuel to third
Miguel Silva to second
Batting: LHB Ramón García 0-0: Fly out, F8 (Flyball, 8RM)
Runner from 3rd tags up, SCORES, throw made
Batting: RHB Ronald Hines 0-0: Foul Ball, location: 2F
0-1: Foul Ball, location: 2F
0-2: Ball
1-2: Strikes out swinging
Top of the 2nd over - 1 run(s), 1 hit(s), 0 error(s), 2 left on base; Tacoma 2 - Durham 1
BOTTOM OF THE 2ND
Durham Rapiers batting - Pitching for Tacoma Fur Traders : RHP Howard Ritchie
Batting: RHB Tim Love 0-0: Fly out, F8 (Popup, 8RS)
Batting: LHB Adrián Franco 0-0: Foul Ball, location: 2F
0-1: Ground out 4-3 (Groundball, 4)
Batting: LHB Evan Nelson 0-0: Ball
1-0: Called Strike
1-1: Foul Ball, location: 2F
1-2: Ground out 6-3 (Groundball, 6)
Bottom of the 2nd over - 0 run(s), 0 hit(s), 0 error(s), 0 left on base; Tacoma 2 - Durham 1
TOP OF THE 3RD
Tacoma Fur Traders batting - Pitching for Durham Rapiers : RHP Jeff Cox
Batting: RHB Jim Unknown 0-0: Foul Ball, location: 2F
0-1: Fly out, F2 (Popup, 2RF)
Batting: RHB Mike Daniels 0-0: Swinging Strike
0-1: Foul Ball, location: 2F
0-2: Ball
1-2: Foul Ball, location: 2F
1-2: Foul Ball, location: 2F
1-2: Ball
2-2: Ball
3-2: Strikes out swinging
Batting: LHB Carlton Little 0-0: Foul Ball, location: 2F
0-1: Foul Ball, location: 2F
0-2: SINGLE (Groundball, 6M)
Batting: RHB Gonzalo Manuel 0-0: Ball
1-0: Ball
2-0: SINGLE (Groundball, 5D)
Carlton Little to second
Batting: LHB Jim Unknown 0-0: 3-RUN HOME RUN (Flyball, 78XD), Distance : 419 ft
Batting: RHB Miguel Silva 0-0: Ball
1-0: Ball
2-0: SINGLE (Flyball, 9S)
Batting: RHB Lúcio López 0-0: Ball
1-0: Ball
2-0: Ball
3-0: Base on Balls
Miguel Silva to second
Batting: LHB Ramón García 0-0: Foul Ball, location: 2F
0-1: Ball
1-1: Called Strike
1-2: Foul Ball, location: 2F
1-2: SINGLE (Line Drive, 6)
Miguel Silva to third
Lúcio López to second
Runner from 3rd tries for Home, SAFE, no throw or cutoff
Batting: RHB Ronald Hines 0-0: Swinging Strike
0-1: Ball
1-1: Called Strike
1-2: Ball
2-2: Fly out, F3 (Popup, 3DF)
Top of the 3rd over - 4 run(s), 5 hit(s), 0 error(s), 2 left on base; Tacoma 6 - Durham 1
BOTTOM OF THE 3RD
Durham Rapiers batting - Pitching for Tacoma Fur Traders : RHP Howard Ritchie
Batting: RHB Allen George 0-0: Ground out 6-3 (Groundball, 6M)
Batting: SHB Omar Gutiérrez 0-0: Ground out U3 (Groundball, 3)
Batting: RHB Ignacio Rodríguez 0-0: Called Strike
0-1: Ball
1-1: Ground out 5-3 (Groundball, 5L)
Bottom of the 3rd over - 0 run(s), 0 hit(s), 0 error(s), 0 left on base; Tacoma 6 - Durham 1
TOP OF THE 4TH
Tacoma Fur Traders batting - Pitching for Durham Rapiers : RHP Jeff Cox
Pitching: LHP R.J. Case
Batting: RHB Jim Unknown 0-0: Swinging Strike
0-1: Called Strike
0-2: Foul Ball, location: 2F
0-2: Strikes out swinging
Batting: RHB Mike Daniels 0-0: Foul Ball, location: 2F
0-1: Called Strike
0-2: Strikes out swinging
Batting: LHB Carlton Little 0-0: Ball
1-0: Swinging Strike
1-1: Ball
2-1: Foul Ball, location: 2F
2-2: Strikes out looking
Top of the 4th over - 0 run(s), 0 hit(s), 0 error(s), 0 left on base; Tacoma 6 - Durham 1
BOTTOM OF THE 4TH
Durham Rapiers batting - Pitching for Tacoma Fur Traders : RHP Howard Ritchie
Batting: SHB Dan Godwin 0-0: Called Strike
0-1: Fly out, F7 (Flyball, 7S)
Batting: RHB Caleb Lee 0-0: Ball
1-0: Ball
2-0: Ball
3-0: Base on Balls
Batting: RHB Kevin Sanderson 0-0: Ball
1-0: Grounds into double play, 6-4-3 (Groundball, 6)
Bottom of the 4th over - 0 run(s), 0 hit(s), 0 error(s), 0 left on base; Tacoma 6 - Durham 1
TOP OF THE 5TH
Tacoma Fur Traders batting - Pitching for Durham Rapiers : LHP R.J. Case
Batting: RHB Gonzalo Manuel 0-0: Ball
1-0: Ball
2-0: Called Strike
2-1: Ball
3-1: Swinging Strike
3-2: Base on Balls
Batting: LHB Jim Unknown 0-0: Ball
1-0: Bunt missed!
1-1: Bunted foul
1-2: Ball
2-2: Ball
3-2: Base on Balls
Gonzalo Manuel to second
Batting: RHB Miguel Silva 0-0: Reached on error, E5 (Groundball, 5S)
Gonzalo Manuel scores
Jim Unknown to third
Batting: RHB Lúcio López 0-0: Called Strike
0-1: Ball
1-1: Ball
2-1: Ball
3-1: Foul Ball, location: 2F
3-2: Strikes out swinging
Batting: LHB Ramón García 0-0: Ball
1-0: Called Strike
1-1: Ball
2-1: Ball
3-1: Base on Balls
Batting: RHB Ronald Hines 0-0: Foul Ball, location: 2F
0-1: Ball
1-1: Ball
2-1: Swinging Strike
2-2: Fly out, F9 (Flyball, 9M)
Runner from 3rd tags up, SCORES, no throw
Batting: RHB Jim Unknown 0-0: Called Strike
0-1: Ball
1-1: Ball
2-1: Swinging Strike
2-2: Ball
3-2: Base on Balls
Miguel Silva to third
Ramón García to second
Batting: RHB Mike Daniels 0-0: Called Strike
0-1: SINGLE (Groundball, 4MD)
Miguel Silva scores
Ramón García to third
Jim Unknown to second
Runner from 3rd tries for Home, SAFE, no throw or cutoff
Pitching: RHP Aaron Givens
Batting: LHB Carlton Little 0-0: Fly out, F7 (Flyball, 7D)
Top of the 5th over - 4 run(s), 1 hit(s), 1 error(s), 2 left on base; Tacoma 10 - Durham 1
BOTTOM OF THE 5TH
Durham Rapiers batting - Pitching for Tacoma Fur Traders : RHP Howard Ritchie
Batting: RHB Tim Love 0-0: Called Strike
0-1: Foul Ball, location: 2F
0-2: Foul Ball, location: 2F
0-2: Ball
1-2: Foul Ball, location: 2F
1-2: Strikes out looking
Batting: LHB Adrián Franco 0-0: Fly out, F5 (Popup, 5L)
Batting: LHB Evan Nelson 0-0: Called Strike
0-1: Ground out 6-3 (Groundball, 6M)
Bottom of the 5th over - 0 run(s), 0 hit(s), 0 error(s), 0 left on base; Tacoma 10 - Durham 1
TOP OF THE 6TH
Tacoma Fur Traders batting - Pitching for Durham Rapiers : RHP Aaron Givens
Batting: RHB Gonzalo Manuel 0-0: SINGLE (Groundball, 34D) (infield hit)
Batting: LHB Jim Unknown 0-0: Ball
Balk!
Gonzalo Manuel to second
1-0: Sac Bunt - play at first, batter OUT! 3-4
Gonzalo Manuel to third
Batting: RHB Miguel Silva 0-0: SINGLE (Line Drive, 34D)
Gonzalo Manuel scores
Batting: RHB Lúcio López 0-0: Ground out 5-3 (Groundball, 5S)
Miguel Silva to second
Batting: LHB Ramón García 0-0: Called Strike
0-1: Foul Ball, location: 2F
0-2: Ball
1-2: Ball
2-2: Ball
3-2: Ground out 4-3 (Groundball, 4)
Top of the 6th over - 1 run(s), 2 hit(s), 0 error(s), 1 left on base; Tacoma 11 - Durham 1
BOTTOM OF THE 6TH
Durham Rapiers batting - Pitching for Tacoma Fur Traders : RHP Howard Ritchie
Batting: RHB Allen George 0-0: Foul Ball, location: 2F
0-1: Ball
1-1: Called Strike
1-2: Foul Ball, location: 2F
1-2: Strikes out swinging
Batting: SHB Omar Gutiérrez 0-0: Foul Ball, location: 2F
0-1: Swinging Strike
0-2: Foul Ball, location: 2F
0-2: Ball
1-2: Foul Ball, location: 2F
1-2: Ball
2-2: Ball
3-2: Base on Balls
Batting: RHB Ignacio Rodríguez 0-0: Ball
1-0: Foul Ball, location: 2F
1-1: Ball
Omar Gutiérrez steals 2nd base
2-1: Fly out, F3 (Popup, 3DF)
Batting: SHB Dan Godwin 0-0: SINGLE (Groundball, 34S)
Omar Gutiérrez to third
Runner from 3rd tries for Home, SAFE, no throw or cutoff
Batting: RHB Caleb Lee 0-0: Ball
Dan Godwin is caught stealing 2nd base
Bottom of the 6th over - 1 run(s), 1 hit(s), 0 error(s), 0 left on base; Tacoma 11 - Durham 2
TOP OF THE 7TH
Tacoma Fur Traders batting - Pitching for Durham Rapiers : RHP Aaron Givens
Batting: RHB Ronald Hines 0-0: Ball
1-0: Ball
2-0: Foul Ball, location: 2F
2-1: Ball
3-1: Foul Ball, location: 2F
3-2: Base on Balls
Batting: RHB Jim Unknown 0-0: SINGLE (Flyball, 8RS)
Ronald Hines to second
Batting: RHB Mike Daniels 0-0: Ball
1-0: Ball
2-0: Ball
3-0: Called Strike
3-1: Base on Balls
Ronald Hines to third
Jim Unknown to second
Batting: LHB Carlton Little 0-0: Called Strike
0-1: Ball
1-1: Swinging Strike
1-2: SINGLE (Groundball, 3D)
Ronald Hines scores
Jim Unknown to third
Mike Daniels to second
Batting: RHB Gonzalo Manuel 0-0: Fly out, F7 (Flyball, 78D)
Runner from 3rd tags up, SCORES, no throw
Pitching: LHP Doug Ferguson
Batting: LHB Jim Unknown 0-0: Ball
1-0: Called Strike
1-1: DOUBLE (Line Drive, 3L)
Mike Daniels scores
Carlton Little to third
Batting: RHB Miguel Silva 0-0: Foul Ball, location: 2F
0-1: Foul Ball, location: 2F
0-2: Foul Ball, location: 2F
0-2: Foul Ball, location: 2F
0-2: Ball
1-2: 3-RUN HOME RUN (Flyball, 7D), Distance : 384 ft
Batting: RHB Lúcio López 0-0: Fly out, F7 (Flyball, 7M)
Batting: LHB Ramón García 0-0: Foul Ball, location: 2F
0-1: Ball
1-1: Fly out, F9 (Flyball, 9M)
Top of the 7th over - 6 run(s), 4 hit(s), 0 error(s), 0 left on base; Tacoma 17 - Durham 2
BOTTOM OF THE 7TH
Durham Rapiers batting - Pitching for Tacoma Fur Traders : RHP Howard Ritchie
Batting: RHB Caleb Lee 0-0: Called Strike
0-1: Ball
1-1: Foul Ball, location: 2F
1-2: Ball
2-2: Strikes out swinging
Batting: RHB Kevin Sanderson 0-0: Fly out, F7 (Flyball, 78M)
Pinch Hitting: LHB Mayer Röhricht 0-0: Ball
1-0: Ball
2-0: Foul Ball, location: 2F
2-1: Ball
3-1: Called Strike
3-2: Foul Ball, location: 2F
3-2: Base on Balls
Pitching: RHP Jim Unknown
Batting: LHB Adrián Franco 0-0: Ball
1-0: SINGLE (Line Drive, 4D)
Mayer Röhricht to second
Runner from 2nd tries for 3rd, SAFE, throw made to third
Batting: LHB Evan Nelson 0-0: Ball
1-0: Foul Ball, location: 2F
1-1: Foul Ball, location: 2F
1-2: Foul Ball, location: 2F
1-2: Strikes out swinging
Bottom of the 7th over - 0 run(s), 1 hit(s), 0 error(s), 2 left on base; Tacoma 17 - Durham 2
TOP OF THE 8TH
Tacoma Fur Traders batting - Pitching for Durham Rapiers : LHP Doug Ferguson
Now in LF: Mayer Röhricht
Batting: RHB Ronald Hines 0-0: Swinging Strike
0-1: Swinging Strike
0-2: Ball
1-2: Strikes out looking
Batting: RHB Jim Unknown 0-0: Ground out 4-3 (Groundball, 4)
Batting: RHB Mike Daniels 0-0: Ground out 5-3 (Groundball, 56)
Top of the 8th over - 0 run(s), 0 hit(s), 0 error(s), 0 left on base; Tacoma 17 - Durham 2
BOTTOM OF THE 8TH
Durham Rapiers batting - Pitching for Tacoma Fur Traders : RHP Jim Unknown
Batting: RHB Allen George 0-0: Ball
1-0: Foul Ball, location: 2F
1-1: Called Strike
1-2: Ball
2-2: Ball
3-2: Strikes out looking
Batting: SHB Omar Gutiérrez 0-0: SINGLE (Groundball, 4MD)
Batting: RHB Ignacio Rodríguez 0-0: Swinging Strike
0-1: Fly out, F6 (Popup, 5L)
Batting: SHB Dan Godwin 0-0: Called Strike
0-1: Foul Ball, location: 2F
0-2: SINGLE (Line Drive, 34)
Omar Gutiérrez to second
Runner from 2nd tries for 3rd, SAFE, throw made to third
Pinch Hitting: LHB Raúl Andrade 0-0: Ball
1-0: Ball
2-0: SINGLE (Groundball, 56D)
Omar Gutiérrez scores
Dan Godwin to second
Batting: RHB Kevin Sanderson 0-0: Ball
1-0: SINGLE (Line Drive, 6MD)
Dan Godwin to third
Raúl Andrade to second
Runner from 3rd tries for Home, SAFE, no throw or cutoff
Batting: LHB Mayer Röhricht 0-0: Ball
1-0: Ball
Wild Pitch!
Raúl Andrade to third
Kevin Sanderson to second
2-0: Ball
3-0: Base on Balls
Batting: LHB Adrián Franco 0-0: Fly out, F8 (Popup, 6MD)
Bottom of the 8th over - 2 run(s), 4 hit(s), 0 error(s), 3 left on base; Tacoma 17 - Durham 4
TOP OF THE 9TH
Tacoma Fur Traders batting - Pitching for Durham Rapiers : LHP Doug Ferguson
Now in CF: Barton McCann
Batting: LHB Carlton Little 0-0: Swinging Strike
0-1: Ball
1-1: SINGLE (Line Drive, 3D)
Batting: RHB Gonzalo Manuel 0-0: Sac Bunt - play at first, batter OUT! 5-3
Carlton Little to second
Batting: LHB Jim Unknown 0-0: Called Strike
0-1: Called Strike
0-2: Strikes out looking
Batting: RHB Miguel Silva 0-0: Ball
1-0: Foul Ball, location: 2F
1-1: Swinging Strike
1-2: Foul Ball, location: 2F
1-2: Strikes out swinging
Top of the 9th over - 0 run(s), 1 hit(s), 0 error(s), 1 left on base; Tacoma 17 - Durham 4
BOTTOM OF THE 9TH
Durham Rapiers batting - Pitching for Tacoma Fur Traders : RHP Jim Unknown
Batting: LHB Evan Nelson 0-0: Called Strike
0-1: Called Strike
0-2: Ball
1-2: Ball
2-2: Foul Ball, location: 2F
2-2: Strikes out swinging
Batting: RHB Allen George 0-0: Ball
1-0: Called Strike
1-1: Fly out, F4 (Popup, 4D)
Batting: SHB Omar Gutiérrez 0-0: Called Strike
0-1: Swinging Strike
0-2: SINGLE (Groundball, 4MD)
Batting: RHB Ignacio Rodríguez 0-0: Called Strike
0-1: Ball
1-1: Foul Ball, location: 2F
1-2: SINGLE (Groundball, 6M)
Omar Gutiérrez to second
Runner from 2nd tries for 3rd, SAFE, throw made to third
Batting: SHB Dan Godwin 0-0: Called Strike
0-1: Ground out U3 (Groundball, 3)
Bottom of the 9th over - 0 run(s), 2 hit(s), 0 error(s), 2 left on base; Tacoma 17 - Durham 4
This league is powered by Out of the Park Baseball, the baseball management simulation game for PC, Mac and Linux
Friday, October 23rd, 2015 - OOTP Baseball 16.9 Build 39